TOP OF THE 1ST |
Vancouver Grey Wolves batting - Pitching for Seattle Aviators : LHP Bernie Sanders
|
Pitching: LHP Bernie Sanders
|
|
Batting: RHB Danny Walsh
|
0-0: Ball 1-0: Ball 2-0: Ball 3-0: Base on Balls
|
Batting: RHB Robert O'Connor
|
0-0: Swinging Strike 0-1: Grounds into double play, 6-4-3 (Groundball, 6)
|
Batting: SHB Seishiro Nishimura
|
0-0: Swinging Strike 0-1: Ball 1-1: Swinging Strike 1-2: Strikes out swinging
|
Top of the 1st over - 0 run(s), 0 hit(s), 0 error(s), 0 left on base; Vancouver 0 - Seattle 0 |
BOTTOM OF THE 1ST |
Seattle Aviators batting - Pitching for Vancouver Grey Wolves : RHP Bartolo Ruíz
|
Pitching: RHP Bartolo Ruíz
|
|
Batting: LHB Tim Hargrove
|
0-0: Foul Ball, location: 2F 0-1: SINGLE (Groundball, 3D)
|
Batting: RHB Seon-keun Kim
|
0-0: Ball 1-0: Swinging Strike 1-1: Ball 2-1: Swinging Strike 2-2: Foul Ball, location: 2F 2-2: Ball 3-2: Strikes out swinging
|
Batting: SHB Juan Torres
|
0-0: Called Strike 0-1: Swinging Strike 0-2: Ball 1-2: Foul Ball, location: 2F 1-2: Hit by Pitch Tim Hargrove to second
|
Batting: LHB Kenny Webster
|
0-0: Ball 1-0: Foul Ball, location: 2F 1-1: 3-RUN HOME RUN (Line Drive, 9LD), Distance : 336 ft
|
Batting: LHB Jorge Mojica
|
0-0: Swinging Strike 0-1: TRIPLE (Flyball, 8LXD)
|
Batting: RHB John MacGregor
|
0-0: Called Strike 0-1: Foul Ball, location: 2F 0-2: Ball 1-2: Ball 2-2: 2-RUN HOME RUN (Flyball, 7D), Distance : 373 ft
|
Batting: RHB Anthony Johnston
|
0-0: Called Strike 0-1: Ball 1-1: Called Strike 1-2: Fly out, F5 (Popup, 5L)
|
Batting: RHB Tynan Hawkins
|
0-0: Called Strike 0-1: Ball 1-1: Ball 2-1: Ball 3-1: Base on Balls
|
Batting: RHB Bobby Christopher
|
0-0: Called Strike 0-1: Ball 1-1: Foul Ball, location: 2F 1-2: Ball 2-2: Ball 3-2: Fly out, F4 (Popup, 3)
|
Bottom of the 1st over - 5 run(s), 4 hit(s), 0 error(s), 1 left on base; Vancouver 0 - Seattle 5 |
TOP OF THE 2ND |
Vancouver Grey Wolves batting - Pitching for Seattle Aviators : LHP Bernie Sanders
|
Batting: RHB Hugh Mungus
|
0-0: Ball 1-0: Ball 2-0: SINGLE (Flyball, 8LS)
|
Batting: RHB Hank Scorpio
|
0-0: Swinging Strike 0-1: Foul Ball, location: 2F 0-2: SINGLE (Groundball, 34D) Hugh Mungus to second Runner from 2nd tries for 3rd, SAFE, throw made to third
|
Batting: LHB Michael Malloy
|
0-0: Ball Hank Scorpio steals 2nd base 1-0: Foul Ball, location: 2F 1-1: Called Strike 1-2: Ball 2-2: Foul Ball, location: 2F 2-2: Ground out U3 (Groundball, 3S)
|
Batting: RHB Ieyoshi Yamamoto
|
0-0: Ball 1-0: Ground out 5-3 (Groundball, 56) Hugh Mungus scores
|
Batting: SHB Ted Striker
|
0-0: Ball 1-0: Called Strike 1-1: Ball 2-1: Foul Ball, location: 2F 2-2: Foul Ball, location: 2F 2-2: Ball 3-2: Base on Balls
|
Batting: RHB José Jarca
|
0-0: SINGLE (Flyball, 78S) Hank Scorpio to third Ted Striker to second Runner from 3rd tries for Home, SAFE, no throw
|
Batting: RHB Danny Walsh
|
0-0: Ball 1-0: Foul Ball, location: 2F 1-1: Swinging Strike 1-2: Fly out, F8 (Flyball, 8RM)
|
Top of the 2nd over - 2 run(s), 3 hit(s), 0 error(s), 2 left on base; Vancouver 2 - Seattle 5 |
BOTTOM OF THE 2ND |
Seattle Aviators batting - Pitching for Vancouver Grey Wolves : RHP Bartolo Ruíz
|
Batting: LHB Tim Hargrove
|
0-0: Ball 1-0: Ball 2-0: Ball 3-0: Ground out 4-3 (Groundball, 34)
|
Batting: RHB Seon-keun Kim
|
0-0: Ball 1-0: Ball 2-0: Called Strike 2-1: SINGLE (Groundball, 56D)
|
Batting: SHB Juan Torres
|
0-0: Ball 1-0: Ball 2-0: SINGLE (Groundball, 34D) Seon-keun Kim to second Runner from 2nd tries for 3rd, SAFE, throw made to third
|
Batting: LHB Kenny Webster
|
0-0: Ball 1-0: Foul Ball, location: 2F 1-1: Ball Juan Torres is caught stealing 2nd base 2-1: Ball 3-1: Foul Ball, location: 2F 3-2: Foul Ball, location: 2F 3-2: Fly out, F8 (Line Drive, 8LD)
|
Bottom of the 2nd over - 0 run(s), 2 hit(s), 0 error(s), 1 left on base; Vancouver 2 - Seattle 5 |
TOP OF THE 3RD |
Vancouver Grey Wolves batting - Pitching for Seattle Aviators : LHP Bernie Sanders
|
Batting: RHB Robert O'Connor
|
0-0: Called Strike 0-1: Foul Ball, location: 2F 0-2: Strikes out swinging
|
Batting: SHB Seishiro Nishimura
|
0-0: Swinging Strike 0-1: Foul Ball, location: 2F 0-2: Foul Ball, location: 2F 0-2: Ground out 6-3 (Groundball, 6)
|
Batting: RHB Hugh Mungus
|
0-0: SINGLE (Groundball, 6MD)
|
Batting: RHB Hank Scorpio
|
0-0: Ball 1-0: Ball 2-0: TRIPLE (Line Drive, 9LM) Hugh Mungus scores
|
Batting: LHB Michael Malloy
|
0-0: Called Strike 0-1: Swinging Strike 0-2: Ball 1-2: Ball 2-2: Foul Ball, location: 2F 2-2: SINGLE (Line Drive, 6) Hank Scorpio scores
|
Batting: RHB Ieyoshi Yamamoto
|
0-0: Called Strike 0-1: Foul Ball, location: 2F 0-2: Ball 1-2: Foul Ball, location: 2F 1-2: Ball 2-2: Strikes out looking
|
Top of the 3rd over - 2 run(s), 3 hit(s), 0 error(s), 1 left on base; Vancouver 4 - Seattle 5 |
BOTTOM OF THE 3RD |
Seattle Aviators batting - Pitching for Vancouver Grey Wolves : RHP Bartolo Ruíz
|
Batting: LHB Jorge Mojica
|
0-0: Ball 1-0: Called Strike 1-1: Swinging Strike 1-2: Strikes out swinging, 2-3 out at first.
|
Batting: RHB John MacGregor
|
0-0: Called Strike 0-1: Ball 1-1: Foul Ball, location: 2F 1-2: Fly out, F9 (Flyball, 9)
|
Batting: RHB Anthony Johnston
|
0-0: Called Strike 0-1: SINGLE (Line Drive, 8LS)
|
Batting: RHB Tynan Hawkins
|
0-0: Foul Ball, location: 2F 0-1: SINGLE (Line Drive, 6M) Anthony Johnston to second
|
Batting: RHB Bobby Christopher
|
0-0: Ball 1-0: Swinging Strike 1-1: Ground out 5-3 (Groundball, 56S)
|
Bottom of the 3rd over - 0 run(s), 2 hit(s), 0 error(s), 2 left on base; Vancouver 4 - Seattle 5 |
TOP OF THE 4TH |
Vancouver Grey Wolves batting - Pitching for Seattle Aviators : LHP Bernie Sanders
|
Batting: SHB Ted Striker
|
0-0: Foul Ball, location: 2F 0-1: Ball 1-1: Ball 2-1: Ball 3-1: Called Strike 3-2: Foul Ball, location: 2F 3-2: Foul Ball, location: 2F 3-2: Ground out 6-3 (Groundball, 6)
|
Batting: RHB José Jarca
|
0-0: Ball 1-0: Ball 2-0: Ball 3-0: Base on Balls
|
Batting: RHB Danny Walsh
|
0-0: Foul Ball, location: 2F 0-1: Ball 1-1: Foul Ball, location: 2F 1-2: Foul Ball, location: 2F 1-2: Fly out, F9 (Flyball, 9S)
|
Batting: RHB Robert O'Connor
|
0-0: Called Strike 0-1: Ball 1-1: Ball 2-1: Foul Ball, location: 2F 2-2: Strikes out swinging
|
Top of the 4th over - 0 run(s), 0 hit(s), 0 error(s), 1 left on base; Vancouver 4 - Seattle 5 |
BOTTOM OF THE 4TH |
Seattle Aviators batting - Pitching for Vancouver Grey Wolves : RHP Bartolo Ruíz
|
Batting: LHB Tim Hargrove
|
0-0: Foul Ball, location: 2F 0-1: Ball 1-1: Swinging Strike 1-2: Ground out 6-3 (Groundball, 6S)
|
Batting: RHB Seon-keun Kim
|
0-0: Fly out, F7 (Flyball, 7S)
|
Batting: SHB Juan Torres
|
0-0: Ball 1-0: Ball 2-0: Ball 3-0: Called Strike 3-1: Foul Ball, location: 2F 3-2: Base on Balls
|
Batting: LHB Kenny Webster
|
0-0: Ball 1-0: Foul Ball, location: 2F 1-1: Ball 2-1: Ball 3-1: Fly out, F1 (Line Drive, 13)
|
Bottom of the 4th over - 0 run(s), 0 hit(s), 0 error(s), 1 left on base; Vancouver 4 - Seattle 5 |
TOP OF THE 5TH |
Vancouver Grey Wolves batting - Pitching for Seattle Aviators : LHP Bernie Sanders
|
Batting: SHB Seishiro Nishimura
|
0-0: Ball 1-0: Called Strike 1-1: Ball 2-1: Swinging Strike 2-2: Strikes out swinging
|
Batting: RHB Hugh Mungus
|
0-0: Ball 1-0: Ball 2-0: Ball 3-0: Called Strike 3-1: Fly out, F9 (Flyball, 9LSF)
|
Batting: RHB Hank Scorpio
|
0-0: Ground out 1-3 (Groundball, 13)
|
Top of the 5th over - 0 run(s), 0 hit(s), 0 error(s), 0 left on base; Vancouver 4 - Seattle 5 |
BOTTOM OF THE 5TH |
Seattle Aviators batting - Pitching for Vancouver Grey Wolves : RHP Bartolo Ruíz
|
Pitching: RHP Tyler Rodríguez
|
|
Batting: LHB Jorge Mojica
|
0-0: Ball 1-0: Ball 2-0: Called Strike 2-1: Ground out 4-3 (Groundball, 4M)
|
Batting: RHB John MacGregor
|
0-0: Ball 1-0: DOUBLE (Flyball, 8RD)
|
Batting: RHB Anthony Johnston
|
0-0: Ball 1-0: Ball 2-0: Called Strike 2-1: Foul Ball, location: 2F 2-2: Ball 3-2: Foul Ball, location: 2F 3-2: Strikes out swinging
|
Batting: RHB Tynan Hawkins
|
0-0: Called Strike 0-1: Called Strike 0-2: Foul Ball, location: 2F 0-2: Strikes out swinging
|
Bottom of the 5th over - 0 run(s), 1 hit(s), 0 error(s), 1 left on base; Vancouver 4 - Seattle 5 |
TOP OF THE 6TH |
Vancouver Grey Wolves batting - Pitching for Seattle Aviators : LHP Bernie Sanders
|
Batting: LHB Michael Malloy
|
0-0: Called Strike 0-1: SINGLE (Groundball, 34S) (infield hit)
|
Batting: RHB Ieyoshi Yamamoto
|
0-0: Called Strike 0-1: Swinging Strike 0-2: Ball 1-2: Strikes out looking
|
Batting: SHB Ted Striker
|
0-0: Called Strike 0-1: Ball 1-1: Ball 2-1: Ball 3-1: Ground out 5-3 (Groundball, 56S) Michael Malloy to second
|
Batting: RHB José Jarca
|
0-0: Ball 1-0: Swinging Strike 1-1: Foul Ball, location: 2F 1-2: Strikes out swinging
|
Top of the 6th over - 0 run(s), 1 hit(s), 0 error(s), 1 left on base; Vancouver 4 - Seattle 5 |
BOTTOM OF THE 6TH |
Seattle Aviators batting - Pitching for Vancouver Grey Wolves : RHP Tyler Rodríguez
|
Batting: RHB Bobby Christopher
|
0-0: Ground out U3 (Groundball, 34S)
|
Batting: LHB Tim Hargrove
|
0-0: Foul Ball, location: 2F 0-1: Foul Ball, location: 2F 0-2: Ball 1-2: Ball 2-2: Foul Ball, location: 2F 2-2: Strikes out swinging
|
Batting: RHB Seon-keun Kim
|
0-0: Foul Ball, location: 2F 0-1: Swinging Strike 0-2: Strikes out looking
|
Bottom of the 6th over - 0 run(s), 0 hit(s), 0 error(s), 0 left on base; Vancouver 4 - Seattle 5 |
TOP OF THE 7TH |
Vancouver Grey Wolves batting - Pitching for Seattle Aviators : LHP Bernie Sanders
|
Batting: RHB Danny Walsh
|
0-0: Swinging Strike 0-1: Foul Ball, location: 2F 0-2: Ground out 3-1 (Groundball, 34S)
|
Batting: RHB Robert O'Connor
|
0-0: Called Strike 0-1: Ball 1-1: Foul Ball, location: 2F 1-2: Ball 2-2: SINGLE (Flyball, 8RS)
|
Pitching: RHP Claudio Díaz
|
|
Batting: SHB Seishiro Nishimura
|
0-0: Called Strike 0-1: Grounds into double play, 4-6-3 (Groundball, 4M)
|
Top of the 7th over - 0 run(s), 1 hit(s), 0 error(s), 0 left on base; Vancouver 4 - Seattle 5 |
BOTTOM OF THE 7TH |
Seattle Aviators batting - Pitching for Vancouver Grey Wolves : RHP Tyler Rodríguez
|
Pitching: RHP Nelle Liefting
|
|
Batting: SHB Juan Torres
|
0-0: Called Strike 0-1: Foul Ball, location: 2F 0-2: Ball 1-2: Strikes out swinging
|
Batting: LHB Kenny Webster
|
0-0: Called Strike 0-1: Foul Ball, location: 2F 0-2: Foul Ball, location: 2F 0-2: Ball 1-2: Foul Ball, location: 2F 1-2: Ball 2-2: Ball 3-2: Fly out, F7 (Flyball, 7S)
|
Batting: LHB Jorge Mojica
|
0-0: Ball 1-0: Ground out 3-1 (Groundball, 34)
|
Bottom of the 7th over - 0 run(s), 0 hit(s), 0 error(s), 0 left on base; Vancouver 4 - Seattle 5 |
TOP OF THE 8TH |
Vancouver Grey Wolves batting - Pitching for Seattle Aviators : RHP Claudio Díaz
|
Pitching: RHP César Manoel
|
|
Now in CF: Jay Parker
|
|
Batting: RHB Hugh Mungus
|
0-0: Ball 1-0: Called Strike 1-1: Swinging Strike 1-2: Strikes out swinging
|
Batting: RHB Hank Scorpio
|
0-0: Ground out 5-3 (Groundball, 56S)
|
Batting: LHB Michael Malloy
|
0-0: Ball 1-0: Called Strike 1-1: Called Strike 1-2: Ball 2-2: DOUBLE (Line Drive, 89M)
|
Batting: RHB Ieyoshi Yamamoto
|
0-0: Ball 1-0: Ball 2-0: Called Strike 2-1: SINGLE (Groundball, 6MD) Michael Malloy to third Runner from 3rd tries for Home, SAFE, no throw
|
Pinch Hitting: LHB Preston Witt
|
0-0: SINGLE (Line Drive, 6M) Ieyoshi Yamamoto to second Runner from 2nd tries for 3rd, SAFE, throw made to third
|
Batting: RHB José Jarca
|
0-0: Ball 1-0: Called Strike 1-1: Foul Ball, location: 2F 1-2: Ball 2-2: Foul Ball, location: 2F 2-2: Fly out, F9 (Flyball, 9S)
|
Top of the 8th over - 1 run(s), 3 hit(s), 0 error(s), 2 left on base; Vancouver 5 - Seattle 5 |
BOTTOM OF THE 8TH |
Seattle Aviators batting - Pitching for Vancouver Grey Wolves : RHP Nelle Liefting
|
Now in CF: Lytle Creek
|
|
Pinch Hitting: LHB Dong-jin Kim
|
0-0: Ball 1-0: Foul Ball, location: 2F 1-1: Ball 2-1: Fly out, F8 (Flyball, 8LM)
|
Pinch Hitting: RHB Ethan Stanford
|
0-0: Ball 1-0: Ball 2-0: Ball 3-0: Called Strike 3-1: Base on Balls
|
Pinch Hitting: RHB Jesús Rodríguez
|
0-0: Sac Bunt - play at first, batter OUT! 5-3 Ethan Stanford to second
|
Batting: RHB Bobby Christopher
|
0-0: Ball 1-0: Called Strike 1-1: Called Strike 1-2: Foul Ball, location: 2F 1-2: Foul Ball, location: 2F 1-2: Ball 2-2: Ball 3-2: Foul Ball, location: 2F 3-2: Foul Ball, location: 2F 3-2: Fly out, F9 (Flyball, 9S)
|
Bottom of the 8th over - 0 run(s), 0 hit(s), 0 error(s), 1 left on base; Vancouver 5 - Seattle 5 |
TOP OF THE 9TH |
Vancouver Grey Wolves batting - Pitching for Seattle Aviators : RHP César Manoel
|
Pitching: LHP Yajirobei Otomo
|
|
Now at 2B: Ethan Stanford
|
|
Now at 3B: Jesús Rodríguez
|
|
Now at SS: Jonathan Widdop
|
|
Batting: RHB Danny Walsh
|
0-0: Ball 1-0: Foul Ball, location: 2F 1-1: Swinging Strike 1-2: Ground out 1-3 (Groundball, 13S)
|
Batting: RHB Robert O'Connor
|
0-0: Ball 1-0: Ball 2-0: Called Strike 2-1: Called Strike 2-2: Foul Ball, location: 2F 2-2: Ball 3-2: Strikes out swinging
|
Batting: SHB Seishiro Nishimura
|
0-0: Foul Ball, location: 2F 0-1: Ball 1-1: Ball 2-1: Ball 3-1: Ground out 5-3 (Groundball, 56)
|
Top of the 9th over - 0 run(s), 0 hit(s), 0 error(s), 0 left on base; Vancouver 5 - Seattle 5 |
BOTTOM OF THE 9TH |
Seattle Aviators batting - Pitching for Vancouver Grey Wolves : RHP Nelle Liefting
|
Pitching: LHP Sergio Hernández
|
|
Batting: LHB Tim Hargrove
|
0-0: Ball 1-0: Called Strike 1-1: Ball 2-1: Ball 3-1: Foul Ball, location: 2F 3-2: Strikes out swinging
|
Pitching: RHP José Larranaga
|
|
Batting: RHB Seon-keun Kim
|
0-0: Ball 1-0: Swinging Strike 1-1: Fly out, F7 (Flyball, 7LMF)
|
Batting: RHB Jay Parker
|
0-0: Ball 1-0: Called Strike 1-1: Swinging Strike 1-2: Foul Ball, location: 2F 1-2: Ball 2-2: Strikes out swinging
|
Bottom of the 9th over - 0 run(s), 0 hit(s), 0 error(s), 0 left on base; Vancouver 5 - Seattle 5 |
TOP OF THE 10TH |
Vancouver Grey Wolves batting - Pitching for Seattle Aviators : LHP Yajirobei Otomo
|
Batting: RHB Hugh Mungus
|
0-0: Fly out, F4 (Line Drive, 4)
|
Batting: RHB Hank Scorpio
|
0-0: Ball 1-0: Foul Ball, location: 2F 1-1: Called Strike 1-2: Ground out 6-3 (Groundball, 6)
|
Batting: LHB Michael Malloy
|
0-0: Ball 1-0: Ball 2-0: Ball 3-0: Base on Balls
|
Batting: RHB Ieyoshi Yamamoto
|
0-0: Ball 1-0: Fielders Choice at 2nd, 6-4 (Groundball, 6)
|
Top of the 10th over - 0 run(s), 0 hit(s), 0 error(s), 0 left on base; Vancouver 5 - Seattle 5 |
BOTTOM OF THE 10TH |
Seattle Aviators batting - Pitching for Vancouver Grey Wolves : RHP José Larranaga
|
Batting: LHB Kenny Webster
|
0-0: Ball 1-0: Fly out, F7 (Flyball, 7)
|
Batting: LHB Jorge Mojica
|
0-0: DOUBLE (Line Drive, 78XD)
|
Batting: RHB Jonathan Widdop
|
0-0: Called Strike 0-1: Ball 1-1: Swinging Strike 1-2: SINGLE (Groundball, 34D) Jorge Mojica to third Runner from 3rd tries for Home, SAFE, throw made home
|
Tuesday, August 22nd, 2017 - OOTP Baseball 17.12 Build 75
|
|